 Dungeon Crawl Stone Soup version 0.18-a0-1071-g9f02aef (webtiles) character file.

8373 MrRokkomies the Basher (level 11, -1/64 HPs)
             Began as a Gargoyle Fighter on Jan 14, 2016.
             Was a High Priest of Pakellas.
             Slain by a shadow (14 damage)
             ... on level 10 of the Dungeon.
             The game lasted 00:29:34 (8805 turns).

MrRokkomies the Basher (Gargoyle Fighter)           Turns: 8805, Time: 00:29:34

Health: -1/64      AC: 24    Str: 20    XL:     11   Next: 29%
Magic:  11/11      EV:  7    Int:  9    God:    Pakellas [*****.]
Gold:   474        SH: 12    Dex: 16    Spells: 2 memorised, 6 levels left

rFire  . . .     SeeInvis .     g - +2 eveningstar of Hacking and Slashing {pain, Fragile rN+ Dex+4}
rCold  + . .     Gourm    .     B - +0 chain mail
rNeg   + + .     Faith    .     c - +0 shield
rPois  ∞         Spirit   .     j - +1 helmet
rElec  +         Dismiss  .     i - +1 cloak {MR+}
rCorr  .         Reflect  .     (no gloves)
SustAt .         Harm     .     (no boots)
MR     +....                    (no amulet)
Stlth  ..........               E - ring of stealth
                                n - ring of protection from cold

@: exhausted, slowed, very slow, somewhat resistant to hostile enchantments,
extremely unstealthy
A: negative energy resistance 1, electricity resistance, unbreathing,
petrification resistance, rot immunity, AC +7
a: Quick Charge, Device Surge, Renounce Religion


You were on level 10 of the Dungeon.
You worshipped Pakellas.
Pakellas was extremely pleased with you.
You were not hungry.

You visited 1 branch of the dungeon, and saw 10 of its levels.

You collected 474 gold pieces.

Inventory:

Hand Weapons
 a - a +1 flail
 b - a +0 blowgun
 g - the +2 eveningstar of Hacking and Slashing (weapon) {pain, Fragile rN+ Dex+4}
   (You acquired it on level 8 of the Dungeon)

   In the hands of one skilled in necromantic magic, it inflicts extra damage on
   living creatures.
   It affects your dexterity (+4).
   It protects you from negative energy.
   It will be destroyed if unequipped.
Missiles
 k - 230 stones
 o - 31 poisoned needles
 t - 3 tomahawks of returning (quivered)
 z - 5 curare-tipped needles
 L - 2 javelins
Armour
 c - a +0 shield (worn)
 i - a +1 cloak of magic resistance (worn)
 j - a +1 helmet (worn)
 B - a +0 chain mail (worn)
Rods
 h - a +4 rod of the swarm (11/11)
   (Pakellas gifted it to you on level 7 of the Dungeon)
Jewellery
 n - a ring of protection from cold (left hand)
 q - an uncursed ring of positive energy
 E - a ring of stealth (right hand)
 N - an uncursed ring of see invisible
Wands
 x - a wand of frost (47/48)
 D - a wand of polymorph (14/24)
 M - a wand of hasting (5/9)
 P - a wand of confusion (26/48)
Scrolls
 d - a scroll of remove curse
 p - a scroll of blinking
 r - a scroll of fear
 u - 2 scrolls of teleportation
 v - 2 scrolls of recharging
 y - 2 scrolls of enchant weapon
 G - a scroll of immolation
Potions
 e - 2 potions of resistance
 s - 2 potions of brilliance
 w - a potion of curing
 C - a potion of magic {unknown}
 F - 2 potions of lignification
 K - a potion of invisibility {unknown}
Comestibles
 f - 7 bread rations
 l - 4 meat rations
 m - 2 beef jerkies
 A - 13 fruits
 I - 2 royal jellies
 J - 8 slices of pizza


   Skills:
 - Level 6.0 Fighting
 * Level 11.8 Maces & Flails
 - Level 10.4 Armour
 * Level 8.8 Shields


You had 6 spell levels left.
You knew the following spells:

 Your Spells              Type           Power        Failure   Level  Hunger
a - Repel Missiles        Chrm/Air       #.....       100%        2    ###....
b - Stoneskin             Trmt/Erth      #.......     100%        2    ###....


Dungeon Overview and Level Annotations

Branches:
Dungeon (10/15)            Temple (0/1) D:6
   Lair: D:8-11         Orc: D:9-12

Altars:
Cheibriados
Fedhas
Gozag
Pakellas
Xom
Yredelemnul
Zin

Shops:
D:6 [   D:10 ?

Annotations:
D:4 MrRokkomies's ghost, amateur GrFi


Innate Abilities, Weirdness & Mutations

You are resistant to torment.
Your stone body is resilient (AC +7).
You are immune to poison.
You resist negative energy.
You are resistant to electric shocks.
You can survive without breathing.
You are immune to petrification.
You are immune to rotting.


Message History

Things that are here:
2 chunks of flesh; a quokka skeleton Eat one of 2 chunks of flesh? (ye/n/q/i?) This raw flesh tastes terrible.
You are no longer berserk.
You are exhausted.
You feel yourself slow down.
You are feeling hungry.
You continue eating. x2
Eat a chunk of flesh? (ye/n/q/i?) This raw flesh tastes terrible.
The shadow strikes at you from the darkness!
* * * LOW HITPOINT WARNING * * *
Reactivating autopickup.
You continue eating.
The shadow slips into darkness.
The shadow flickers and vanishes!
Deactivating autopickup; reactivate with Ctrl-A.
The shadow strikes at you from the darkness!
You die...

# # #.# ### ### # ..
.. ##.## # ##.#.
##.#.## #
#.#....#####.###.## #
......{@)...## ##.#
##
###...######.###.##
#. ##. ##.#.## #. #
####.## #. #.....# #.
##+## #.##..# #.
##...## #.##..#### ##
##.....## #.##.....#
##.......###.##..##.#


There were no monsters in sight!

Vanquished Creatures
  A hydra (D:10)
  A hill giant (D:10)
  2 trolls (D:9)
  A wraith (D:10)
  A hog (D:7)
  A wyvern (D:8)
  12 yaks
  A human (D:7)
  A hippogriff (D:7)
  Eustachio (D:5)
  A hungry ghost (D:8)
  A soldier ant (D:8)
  Duvessa (D:7)
  2 ice beasts
  A black bear (D:10)
  A sky beast (D:7)
  3 phantoms
  A necrophage (D:10)
  6 ogres
  2 centaurs (D:7)
  A big kobold (D:8)
  4 giant frogs
  Dowan (D:7)
  A water moccasin zombie (D:7)
  5 killer bees (D:8)
  5 wights (D:10)
  6 crimson imps
  4 jellies
  A wasp zombie (D:9)
  2 giant frog zombies
  A centaur zombie (D:7)
  3 hounds
  4 orc priests (D:7)
  14 orc wizards
  A giant frog skeleton (D:10)
  2 iguanas
  Natasha (twice) (D:2)
  7 worker ants
  2 sheep (D:7)
  7 adders
  6 gnolls
  6 shadow imps
  An ooze (D:5)
  5 worms
  2 giant geckos
  19 orcs
  6 giant cockroaches
  2 gnoll zombies (D:6)
  3 goblins
  6 hobgoblins
  9 jackals
  2 quokkas
  3 ball pythons
  7 bats
  2 giant newts
  A goblin zombie (D:7)
  14 kobolds
  A quokka skeleton (D:4)
  10 rats
  A rat zombie (D:7)
220 creatures vanquished.

Notes
Turn   | Place    | Note
--------------------------------------------------------------
     0 | D:1      | MrRokkomies the Gargoyle Fighter began the quest for the Orb.
     0 | D:1      | Reached XP level 1. HP: 14/14 MP: 1/1
   151 | D:1      | Reached XP level 2. HP: 18/20 MP: 2/2
   259 | D:1      | Reached skill level 4 in Fighting
   917 | D:2      | Noticed Natasha
   926 | D:2      | Noticed a crimson imp
   933 | D:2      | Killed Natasha
   933 | D:2      | Reached skill level 5 in Fighting
   933 | D:2      | Reached XP level 3. HP: 13/26 MP: 3/3
  1216 | D:2      | Found a faded altar to an unknown god.
  1241 | D:2      | Reached XP level 4. HP: 11/31 MP: 4/4
  1443 | D:2      | Became a worshipper of Pakellas the Inventive
  1443 | D:2      | Reached * piety under Pakellas
  1859 | D:2      | Noticed Natasha
  1866 | D:2      | Killed Natasha
  2011 | D:3      | Found a blossoming altar of Fedhas.
  2110 | D:3      | Reached skill level 6 in Fighting
  2262 | D:3      | Reached XP level 5. HP: 36/36 MP: 5/5
  2492 | D:3      | Reached ** piety under Pakellas
  2492 | D:3      | Received a gift from Pakellas
  2822 | D:4      | Found an opulent altar of Gozag.
  2833 | D:4      | Noticed MrRokkomies's ghost (amateur GrFi)
  2893 | D:5      | Entered Level 5 of the Dungeon
  2897 | D:5      | Noticed Eustachio
  2932 | D:5      | Reached XP level 6. HP: 14/41 MP: 6/6
  2945 | D:5      | Killed Eustachio
  3013 | D:5      | Noticed a phantom
  3043 | D:5      | Killed a phantom
  3043 | D:5      | Reached skill level 5 in Armour
  3043 | D:5      | Reached XP level 7. HP: 19/46 MP: 7/7
  3394 | D:5      | Reached skill level 5 in Maces & Flails
  3985 | D:6      | Reached XP level 8. HP: 33/51 MP: 8/8
  4154 | D:6      | Reached *** piety under Pakellas
  4266 | D:6      | Found a staircase to the Ecumenical Temple.
  4297 | D:6      | Found a basalt altar of Yredelemnul.
  4387 | D:6      | Found Dacveg's Armour Shoppe.
  4400 | D:6      | Found a snail-covered altar of Cheibriados.
  4400 | D:6      | Found a shimmering altar of Xom.
  4519 | D:7      | Reached skill level 7 in Armour
  4536 | D:7      | Noticed Duvessa
  4538 | D:7      | Noticed Dowan
  5128 | D:7      | Reached skill level 8 in Armour
  5299 | D:7      | Reached XP level 9. HP: 55/55 MP: 9/9
  5719 | D:7      | Reached **** piety under Pakellas
  5719 | D:7      | Received a gift from Pakellas
  5777 | D:7      | Reached skill level 9 in Armour
  6085 | D:7      | Killed Duvessa
  6092 | D:7      | Killed Dowan
  6147 | D:7      | Found a glowing silver altar of Zin.
  6287 | D:8      | Reached skill level 10 in Armour
  6499 | D:8      | Reached XP level 10. HP: 55/60 MP: 10/10
  6650 | D:8      | Reached ***** piety under Pakellas
  6782 | D:8      | Learned a level 2 spell: Repel Missiles
  6786 | D:8      | Learned a level 2 spell: Stoneskin
  7028 | D:8      | Identified a scroll of acquirement
  7029 | D:8      | Got a twisted eveningstar
  7030 | D:8      | Identified the +2 eveningstar of Hacking and Slashing {pain, Fragile rN+ Dex+4} (You acquired it on level 8 of the Dungeon)
  7061 | D:9      | Reached skill level 10 in Maces & Flails
  7069 | D:9      | Reached skill level 5 in Shields
  7293 | D:9      | Found an oddly glowing altar of Pakellas.
  7873 | D:10     | Entered Level 10 of the Dungeon
  8091 | D:10     | Reached skill level 11 in Maces & Flails
  8109 | D:10     | Noticed a five-headed hydra
  8126 | D:10     | Killed a five-headed hydra
  8126 | D:10     | Reached XP level 11. HP: 40/64 MP: 11/11
  8732 | D:10     | Found Tuch's Magic Scroll Emporium.
  8787 | D:10     | Noticed a hill giant
  8796 | D:10     | Killed a hill giant
  8805 | D:10     | Slain by a shadow

Vault maps used:
D:1:      eino_arrival_cavern_d, feat_on_display
D:2:      first_bread, ecumenical_altar_2, uniq_natasha
D:3:      old_standard_altar
D:4:      kennysheep_mini
D:5:      uniq_eustachio
D:6:      lemuel_zombie_altar_yredelemnul, grunt_temple_overflow_open,
          minmay_temple_entry_hall, serial_shops, shop
D:7:      basic_altar, enter_ossuary_4, grunt_livestock, uniq_duvessa
D:8:      minmay_flawed_box, kennysheep_generic_room_14
D:9:      kennysheep_little_box
D:10:     minmay_diamond_stairs, dpeg_oklobed_lair, orc_0_dummy, serial_shops,
          nicolae_shop_crystal

Action                   |  1- 3 |  4- 6 |  7- 9 | 10-12 || total
-------------------------+-------+-------+-------+-------++-------
Melee: Flail             |   121 |   183 |   449 |    73 ||   826
       Eveningstar       |       |       |       |   227 ||   227
 Fire: Blowgun           |       |    10 |    39 |     7 ||    56
Throw: Stone             |       |    13 |       |       ||    13
Evoke: Wand              |       |     1 |       |       ||     1
  Use: Scroll            |     6 |     6 |     5 |     7 ||    24
       Potion            |     2 |       |     2 |     3 ||     7
  Eat: Chunk             |     1 |     6 |    11 |     6 ||    24
       Beef jerky        |       |       |     6 |     1 ||     7
       Bread ration      |       |       |     1 |       ||     1
